TOP OF THE 1ST |
Virginia Beach Whales batting - Pitching for Casper Ghosts : RHP Hildo van Doorn
|
Pitching: RHP Hildo van Doorn
|
|
Batting: RHB Daniel MacKinder
|
0-0: Ball 1-0: Ground out 5-3 (Groundball, 56, EV 105.6 MPH)
|
Batting: LHB Kalino Iolana
|
0-0: Ball 1-0: Called Strike 1-1: Swinging Strike 1-2: Foul Ball, location: 2F 1-2: Foul Ball, location: 2F 1-2: Ball 2-2: Strikes out swinging
|
Batting: RHB Óscar Cardozo
|
0-0: Called Strike 0-1: Ball 1-1: Ball 2-1: Foul Ball, location: 2F 2-2: Foul Ball, location: 2F 2-2: Ball 3-2: Foul Ball, location: 2F 3-2: Base on Balls
|
Batting: RHB Todd Walker
|
0-0: Called Strike 0-1: Ground out 4-3 (Groundball, 34, EV 100.0 MPH)
|
Top of the 1st over - 0 runs, 0 hits, 0 errors, 1 left on base; Virginia Beach 0 - Casper 0 |
BOTTOM OF THE 1ST |
Casper Ghosts batting - Pitching for Virginia Beach Whales : RHP Daryl Benstead
|
Pitching: RHP Daryl Benstead
|
|
Batting: RHB Joe Havermeyer
|
0-0: Ground out 6-3 (Groundball, 6S, EV 68.8 MPH)
|
Batting: RHB Thom Scribbner
|
0-0: Called Strike 0-1: Ball 1-1: Fly out, F8 (Line Drive, 8RM, EV 105.0 MPH)
|
Batting: RHB Izaak Gerkis
|
0-0: Foul Ball, location: 2F 0-1: Foul Ball, location: 2F 0-2: Foul Ball, location: 2F 0-2: Foul Ball, location: 2F 0-2: Foul Ball, location: 2F 0-2: Ball 1-2: Ball 2-2: SINGLE (Groundball, 56D, EV 103.1 MPH)
|
Batting: LHB General Booty
|
0-0: Swinging Strike Pickoff Throw to First - Out! 1-3
|
Bottom of the 1st over - 0 runs, 1 hit, 0 errors, 0 left on base; Virginia Beach 0 - Casper 0 |
TOP OF THE 2ND |
Virginia Beach Whales batting - Pitching for Casper Ghosts : RHP Hildo van Doorn
|
Batting: RHB Paul Pitts
|
0-0: Fly out, F8 (Flyball, 8RS, EV 82.5 MPH)
|
Batting: LHB Asberry Harpending
|
0-0: Called Strike 0-1: Foul Ball, location: 2F 0-2: Ball 1-2: Ball 2-2: Ball 3-2: Fly out, F8 (Flyball, 78D, EV 88.1 MPH)
|
Batting: RHB Juan Oleastro
|
0-0: Called Strike 0-1: Ball 1-1: Foul Ball, location: 2F 1-2: Ball 2-2: Strikes out swinging
|
Top of the 2nd over - 0 runs, 0 hits, 0 errors, 0 left on base; Virginia Beach 0 - Casper 0 |
BOTTOM OF THE 2ND |
Casper Ghosts batting - Pitching for Virginia Beach Whales : RHP Daryl Benstead
|
Batting: LHB General Booty
|
0-0: Called Strike 0-1: Foul Ball, location: 2F 0-2: Ball 1-2: Fly out, F5 (Popup, 5F, EV 73.8 MPH)
|
Batting: RHB Ramiro Castillo
|
0-0: Ball 1-0: Ball 2-0: Called Strike 2-1: Ball 3-1: Foul Ball, location: 2F 3-2: Foul Ball, location: 2F 3-2: Foul Ball, location: 2F 3-2: Ground out 6-3 (Groundball, 6, EV 79.4 MPH)
|
Batting: RHB Thinley Tshering
|
0-0: Called Strike 0-1: Foul Ball, location: 2F 0-2: Strikes out swinging
|
Bottom of the 2nd over - 0 runs, 0 hits, 0 errors, 0 left on base; Virginia Beach 0 - Casper 0 |
TOP OF THE 3RD |
Virginia Beach Whales batting - Pitching for Casper Ghosts : RHP Hildo van Doorn
|
Batting: RHB Jessie Gibbs
|
0-0: Foul Ball, location: 2F 0-1: Swinging Strike 0-2: Strikes out swinging
|
Batting: RHB Nick Harper
|
0-0: Fly out, F9 (Flyball, 9D, EV 98.8 MPH)
|
Batting: RHB Daniel MacKinder
|
0-0: Ball 1-0: DOUBLE (Line Drive, 89XD, EV 105.0 MPH)
|
Batting: LHB Kalino Iolana
|
0-0: Ball 1-0: Foul Ball, location: 2F 1-1: Swinging Strike 1-2: Strikes out swinging
|
Top of the 3rd over - 0 runs, 1 hit, 0 errors, 1 left on base; Virginia Beach 0 - Casper 0 |
BOTTOM OF THE 3RD |
Casper Ghosts batting - Pitching for Virginia Beach Whales : RHP Daryl Benstead
|
Batting: RHB Bill Wells
|
0-0: Called Strike 0-1: Ball 1-1: DOUBLE (Line Drive, 7LM, EV 100.6 MPH)
|
Batting: RHB Bogdan Lissenberg
|
0-0: Called Strike 0-1: Called Strike 0-2: Ball 1-2: Foul Ball, location: 2F 1-2: Ball 2-2: Ball 3-2: SINGLE (Groundball, 34D, EV 106.9 MPH) Bill Wells to third Runner from 3rd tries for Home, SAFE, throw by RF to home
|
Batting: RHB Teok-kyu Pak
|
0-0: Grounds into double play, 5-4-3 (Groundball, 56S, EV 77.5 MPH)
|
Batting: RHB Joe Havermeyer
|
0-0: Ball 1-0: Ball 2-0: Ground out 5-3 (Groundball, 56, EV 103.1 MPH)
|
Bottom of the 3rd over - 1 run, 2 hits, 0 errors, 0 left on base; Virginia Beach 0 - Casper 1 |
TOP OF THE 4TH |
Virginia Beach Whales batting - Pitching for Casper Ghosts : RHP Hildo van Doorn
|
Batting: RHB Óscar Cardozo
|
0-0: Called Strike 0-1: Ball 1-1: Foul Ball, location: 2F 1-2: Ball 2-2: Fly out, F8 (Flyball, 78D, EV 91.9 MPH)
|
Batting: RHB Todd Walker
|
0-0: Called Strike 0-1: Foul Ball, location: 2F 0-2: Foul Ball, location: 2F 0-2: Ball 1-2: Ball 2-2: Fly out, F7 (Flyball, 7D, EV 105.6 MPH)
|
Batting: RHB Paul Pitts
|
0-0: Swinging Strike 0-1: Foul Ball, location: 2F 0-2: Ball 1-2: Ball 2-2: Ground out 5-3 (Groundball, 56, EV 78.8 MPH)
|
Top of the 4th over - 0 runs, 0 hits, 0 errors, 0 left on base; Virginia Beach 0 - Casper 1 |
BOTTOM OF THE 4TH |
Casper Ghosts batting - Pitching for Virginia Beach Whales : RHP Daryl Benstead
|
Batting: RHB Thom Scribbner
|
0-0: Foul Ball, location: 2F 0-1: Ball 1-1: Called Strike 1-2: Strikes out looking
|
Batting: RHB Izaak Gerkis
|
0-0: Called Strike 0-1: Ball 1-1: Ball 2-1: Swinging Strike 2-2: Ball 3-2: Strikes out looking
|
Batting: LHB General Booty
|
0-0: Ball 1-0: Ball 2-0: Called Strike 2-1: Ground out U3 (Groundball, 3, EV 106.2 MPH)
|
Bottom of the 4th over - 0 runs, 0 hits, 0 errors, 0 left on base; Virginia Beach 0 - Casper 1 |
TOP OF THE 5TH |
Virginia Beach Whales batting - Pitching for Casper Ghosts : RHP Hildo van Doorn
|
Batting: LHB Asberry Harpending
|
0-0: Ball 1-0: Foul Ball, location: 2F 1-1: Ball 2-1: Fly out, F9 (Flyball, 9S, EV 75.6 MPH)
|
Batting: RHB Juan Oleastro
|
0-0: Called Strike 0-1: Foul Ball, location: 2F 0-2: Ball 1-2: Ball 2-2: Strikes out swinging
|
Batting: RHB Jessie Gibbs
|
0-0: Foul Ball, location: 2F 0-1: Ball 1-1: SINGLE (Groundball, 6M, EV 101.2 MPH) (infield hit)
|
Batting: RHB Nick Harper
|
0-0: Called Strike 0-1: Foul Ball, location: 2F 0-2: Ball 1-2: Ball 2-2: Fly out, F9 (Flyball, 9LS, EV 84.4 MPH)
|
Top of the 5th over - 0 runs, 1 hit, 0 errors, 1 left on base; Virginia Beach 0 - Casper 1 |
BOTTOM OF THE 5TH |
Casper Ghosts batting - Pitching for Virginia Beach Whales : RHP Daryl Benstead
|
Batting: RHB Ramiro Castillo
|
0-0: Called Strike 0-1: Ball 1-1: Foul Ball, location: 2F 1-2: Ball 2-2: SINGLE (Groundball, 56D, EV 102.5 MPH)
|
Batting: RHB Thinley Tshering
|
0-0: Sac Bunt to 3S - play at first, batter OUT! 3-1 Ramiro Castillo to second
|
Batting: RHB Bill Wells
|
0-0: Called Strike 0-1: Foul Ball, location: 2F 0-2: Strikes out swinging
|
Batting: RHB Bogdan Lissenberg
|
0-0: Called Strike 0-1: Ball 1-1: Foul Ball, location: 2F 1-2: Ground out 4-3 (Groundball, 4, EV 106.2 MPH)
|
Bottom of the 5th over - 0 runs, 1 hit, 0 errors, 1 left on base; Virginia Beach 0 - Casper 1 |
TOP OF THE 6TH |
Virginia Beach Whales batting - Pitching for Casper Ghosts : RHP Hildo van Doorn
|
Batting: RHB Daniel MacKinder
|
0-0: Called Strike 0-1: Ball 1-1: Called Strike 1-2: Foul Ball, location: 2F 1-2: Strikes out swinging
|
Batting: LHB Kalino Iolana
|
0-0: Ball 1-0: SINGLE (Flyball, 9LS, EV 94.4 MPH)
|
Batting: RHB Óscar Cardozo
|
0-0: Called Strike 0-1: SINGLE (Line Drive, 5D, EV 101.9 MPH) Kalino Iolana to second
|
Batting: RHB Todd Walker
|
0-0: Foul Ball, location: 2F 0-1: Ball 1-1: Fly out, F7 (Flyball, 7, EV 83.8 MPH)
|
Batting: RHB Paul Pitts
|
0-0: Ball 1-0: SINGLE (Groundball, 6MD, EV 100.0 MPH) Kalino Iolana to third Óscar Cardozo to second Runner from 3rd tries for Home, SAFE, throw by CF to home
|
Batting: LHB Asberry Harpending
|
0-0: Ball 1-0: Called Strike 1-1: SINGLE (Line Drive, 4D, EV 102.5 MPH) Óscar Cardozo to third Paul Pitts to second Runner from 3rd tries for Home, SAFE, no throw by RF
|
Batting: RHB Juan Oleastro
|
0-0: Ball 1-0: Ball 2-0: Called Strike 2-1: Fly out, F3 (Line Drive, 3, EV 66.9 MPH)
|
Top of the 6th over - 2 runs, 4 hits, 0 errors, 2 left on base; Virginia Beach 2 - Casper 1 |
BOTTOM OF THE 6TH |
Casper Ghosts batting - Pitching for Virginia Beach Whales : RHP Daryl Benstead
|
Batting: RHB Teok-kyu Pak
|
0-0: Called Strike 0-1: Ball 1-1: Ball 2-1: Ball 3-1: Base on Balls
|
Batting: RHB Joe Havermeyer
|
0-0: Bunted foul 0-1: Bunted foul 0-2: Ball Wild Pitch! Teok-kyu Pak to second 1-2: Ground out 6-3 (Groundball, 6, EV 88.1 MPH) Teok-kyu Pak to third
|
Batting: RHB Thom Scribbner
|
0-0: Called Strike 0-1: Fly out, F9 (Flyball, 9D, EV 86.9 MPH) Runner from 3rd tags up, SCORES, no throw by RF
|
Batting: RHB Izaak Gerkis
|
0-0: Fly out, F3 (Popup, 3SF, EV 73.8 MPH)
|
Bottom of the 6th over - 1 run, 0 hits, 0 errors, 0 left on base; Virginia Beach 2 - Casper 2 |
TOP OF THE 7TH |
Virginia Beach Whales batting - Pitching for Casper Ghosts : RHP Hildo van Doorn
|
Batting: RHB Jessie Gibbs
|
0-0: Swinging Strike 0-1: Foul Ball, location: 2F 0-2: Strikes out swinging
|
Batting: RHB Nick Harper
|
0-0: SOLO HOME RUN (Flyball, 7D, EV 94.4 MPH), Distance : 392 ft
|
Batting: RHB Daniel MacKinder
|
0-0: SINGLE (Groundball, 6, EV 81.2 MPH) (infield hit)
|
Batting: LHB Kalino Iolana
|
0-0: Ball 1-0: Called Strike 1-1: Ball 2-1: TRIPLE (Flyball, 78XD, EV 102.5 MPH) Daniel MacKinder scores
|
Pitching: RHP Darrell Bannatyne
|
|
Batting: RHB Óscar Cardozo
|
0-0: Ball 1-0: Called Strike 1-1: Called Strike 1-2: Strikes out looking
|
Batting: RHB Todd Walker
|
0-0: Ball 1-0: Foul Ball, location: 2F 1-1: Swinging Strike 1-2: Ball 2-2: Strikes out swinging
|
Top of the 7th over - 2 runs, 3 hits, 0 errors, 1 left on base; Virginia Beach 4 - Casper 2 |
BOTTOM OF THE 7TH |
Casper Ghosts batting - Pitching for Virginia Beach Whales : RHP Daryl Benstead
|
Batting: LHB General Booty
|
0-0: Ball 1-0: Ground out 4-3 (Groundball, 4, EV 98.1 MPH)
|
Batting: RHB Ramiro Castillo
|
0-0: Fly out, F9 (Flyball, 9D, EV 96.9 MPH)
|
Batting: RHB Thinley Tshering
|
0-0: Called Strike 0-1: Ground out 5-3 (Groundball, 56S, EV 85.0 MPH)
|
Bottom of the 7th over - 0 runs, 0 hits, 0 errors, 0 left on base; Virginia Beach 4 - Casper 2 |
TOP OF THE 8TH |
Virginia Beach Whales batting - Pitching for Casper Ghosts : RHP Darrell Bannatyne
|
Batting: RHB Paul Pitts
|
0-0: Called Strike 0-1: Called Strike 0-2: Ball 1-2: Strikes out swinging
|
Batting: LHB Asberry Harpending
|
0-0: Ball 1-0: Foul Ball, location: 2F 1-1: Ball 2-1: Swinging Strike 2-2: Ball 3-2: Strikes out swinging
|
Batting: RHB Juan Oleastro
|
0-0: Ball 1-0: Ground out 4-3 (Groundball, 4, EV 104.4 MPH)
|
Top of the 8th over - 0 runs, 0 hits, 0 errors, 0 left on base; Virginia Beach 4 - Casper 2 |
BOTTOM OF THE 8TH |
Casper Ghosts batting - Pitching for Virginia Beach Whales : RHP Daryl Benstead
|
Pitching: RHP Eliseo Fontirroig
|
|
Batting: RHB Bill Wells
|
0-0: Foul Ball, location: 2F 0-1: Foul Ball, location: 2F 0-2: Ball 1-2: SINGLE (Groundball, 6D, EV 96.9 MPH)
|
Batting: RHB Bogdan Lissenberg
|
0-0: Swinging Strike 0-1: Ball 1-1: Ball 2-1: Ball 3-1: Grounds into double play, 6-4-3 (Groundball, 6, EV 97.5 MPH)
|
Batting: RHB Teok-kyu Pak
|
0-0: Called Strike 0-1: Ball 1-1: Swinging Strike 1-2: Ground out U3 (Groundball, 34, EV 83.8 MPH)
|
Bottom of the 8th over - 0 runs, 1 hit, 0 errors, 0 left on base; Virginia Beach 4 - Casper 2 |
TOP OF THE 9TH |
Virginia Beach Whales batting - Pitching for Casper Ghosts : RHP Darrell Bannatyne
|
Pitching: RHP Eric Blevins
|
|
Batting: RHB Jessie Gibbs
|
0-0: Ball 1-0: Foul Ball, location: 2F 1-1: Ball 2-1: Ball 3-1: SINGLE (Groundball, 6MD, EV 110.0 MPH)
|
Batting: RHB Nick Harper
|
0-0: Called Strike 0-1: Swinging Strike 0-2: Foul Ball, location: 2F 0-2: Foul Ball, location: 2F 0-2: Ball 1-2: Ball 2-2: Strikes out looking
|
Batting: RHB Daniel MacKinder
|
0-0: Called Strike 0-1: Foul Ball, location: 2F 0-2: Strikes out swinging
|
Batting: LHB Kalino Iolana
|
0-0: Called Strike 0-1: SINGLE (Line Drive, 78M, EV 107.5 MPH) Jessie Gibbs to second
|
Batting: RHB Óscar Cardozo
|
0-0: Foul Ball, location: 2F 0-1: Foul Ball, location: 2F 0-2: Strikes out swinging
|
Top of the 9th over - 0 runs, 2 hits, 0 errors, 2 left on base; Virginia Beach 4 - Casper 2 |
BOTTOM OF THE 9TH |
Casper Ghosts batting - Pitching for Virginia Beach Whales : RHP Eliseo Fontirroig
|
Pitching: RHP Martin Rumbolt
|
|
Batting: RHB Joe Havermeyer
|
0-0: Called Strike 0-1: Ball 1-1: Ground out 5-3 (Groundball, 56, EV 86.2 MPH)
|
Batting: RHB Thom Scribbner
|
0-0: Ball 1-0: SINGLE (Line Drive, 89S, EV 90.0 MPH)
|
Batting: RHB Izaak Gerkis
|
0-0: Swinging Strike 0-1: Grounds into double play, 4-6-3 (Groundball, 34, EV 101.9 MPH)
|
Bottom of the 9th over - 0 runs, 1 hit, 0 errors, 0 left on base; Virginia Beach 4 - Casper 2 |
|